 Dungeon Sprint DCSS version 0.31-a0-18-gea43df2a32 (webtiles) character file.

Game seed: 9892796885793850993

20200 bmack86 the Tortoise (level 12, -30/106 (134) HPs)
             Began as a Minotaur Berserker on May 10, 2023.
             Was an Elder of Trog.
             Killed from afar by Lom Lobon (51 damage)
             ... with a great icy blast
             ... in the Dungeon (Sprint I: "Red Sonja").
             The game lasted 00:31:18 (2753 turns).

bmack86 the Tortoise (Minotaur Berserker)           Turns: 2753, Time: 00:31:19

HP:   -30/106 (134) AC: 30    Str: 22    XL:     12   Next: 43%
MP:   11/11         EV: 24    Int:  4    God:    Trog [****..]
Gold: 1304          SH:  0    Dex: 27    Spells: 11/11 levels left

rFire   + . .        j - +10 great mace of the Illusory Eyes {elec, rElec rN+ Will+ Dex+3}
rCold   . . .        (shield currently unavailable)
rNeg    + . .        p - +4 plate armour {rF+}
rPois   .            (helmet restricted)
rElec   +            m - +1 cloak of Unambiguity {Will+}
rCorr   .            D - +2 pair of gloves of the Grinning Gods {*Slow Fly Regen+ Str-5 Dex+8}
SInv    +            (no boots)
Will    +++..        C - amulet of the acrobat Stlth
                     u - +6 ring of dexterity
HPRegen 1.17/turn    F - ring "Tiesticw" {Will+ SInv}
MPRegen 0.12/turn

%: no teleportation, slow self (1%), acrobat
@: acrobatic, flying, slowed, heavily drained, very slow
A: horns 2, retaliatory headbutt
a: Renounce Religion, Berserk, Trog's Hand, Brothers in Arms


You were in the Dungeon.
You worshipped Trog.
Trog was greatly pleased with you.
You visited 1 branch You collected 4291 gold pieces.
You spent 2987 gold pieces at shops.

Inventory:

Hand Weapons
 a - the +10 morningstar "Eos" {elec, Halo rElec}
   (You found it in the Dungeon)

   Halo:      It grants its wielder a halo, revealing invisible creatures and
   increasing accuracy against all within it other than the wielder.
   rElec:     It insulates you from electricity.
 j - the +10 great mace of the Illusory Eyes (weapon) {elec, rElec rN+ Will+ Dex+3}
   (You found it in the Dungeon)

   Dex:       It affects your dexterity (+3).
   rElec:     It insulates you from electricity.
   rN:        It protects you from negative energy.
   Will:      It increases your willpower.
 o - a +2 vampiric broad axe
 q - the +8 war axe "Exyd" {antimagic, *Rage rC+ Dex+2 Stlth+}
   (You bought it in a shop in the Dungeon)

   Dex:       It affects your dexterity (+2).
   rC:        It protects you from cold.
   *Rage:     It berserks you when you make melee attacks (+20% chance).
   Stlth:     It makes you more stealthy.
 H - the +10 battleaxe "Illeuxyh" {flame, Drain rC+++}
   (Trog gifted it to you in the Dungeon)

   rC:        It renders you almost immune to cold.
   Drain:     It drains your maximum health when unequipped.
Armour
 m - the +1 cloak of Unambiguity (worn) {Will+}
   (You bought it in a shop in the Dungeon)

   Will:      It increases your willpower.
 p - a +4 plate armour of fire resistance (worn)
 D - the +2 pair of gloves of the Grinning Gods (worn) {*Slow Fly Regen+ Str-5 Dex+8}
   (You bought it in a shop in the Dungeon)

   Str:       It affects your strength (-5).
   Dex:       It affects your dexterity (+8).
   Fly:       It grants you flight.
   Regen:     It increases your rate of health regeneration.
   *Slow:     It may slow you when you take damage.
 I - a +1 pair of gloves of strength
Jewellery
 l - the ring of the Firefly {rCorr MP+9 Str-3 Dex+3 Slay-3}
   (You found it in the Dungeon)

   [ring of magical power]

   Str:       It affects your strength (-3).
   Dex:       It affects your dexterity (+3).
   Slay:      It affects your accuracy & damage with ranged weapons and melee
   (-3).
   MP:        It affects your magic capacity (+9).
   rCorr:     It protects you from acid and corrosion.
 u - a +6 ring of dexterity (left hand)
 y - an amulet of guardian spirit
 C - an amulet of the acrobat (around neck)
 F - the ring "Tiesticw" (right hand) {Will+ SInv}
   (You bought it in a shop in the Dungeon)

   [ring of see invisible]

   SInv:      It lets you see invisible.
   Will:      It increases your willpower.
 G - a +6 ring of dexterity
Wands
 i - a wand of iceblast (3)
 K - a wand of flame (5)
Scrolls
 h - 2 scrolls of blinking
 s - a scroll of immolation
 t - a scroll of fear
Potions
 c - 10 potions of curing
 d - 3 potions of heal wounds
 e - 2 potions of haste
 f - 2 potions of magic
 g - a potion of berserk rage
 k - a potion of invisibility
 r - 2 potions of might
 v - a potion of flight
 w - a potion of ambrosia
 x - a potion of resistance
 A - a potion of attraction
 B - a potion of lignification
 E - a potion of cancellation
Miscellaneous
 b - a piece from Xom's chessboard (13/15) (quivered)


   Skills:
 + Level 20.9 Fighting
 + Level 20.3 Axes
 + Level 8.8 Throwing
 + Level 20.9 Armour
 - Level 2.1 Dodging
 - Level 8.0 Evocations


You had 11 spell levels left.
You didn't know any spells.
Your spell library was empty.

Dungeon Overview and Level Annotations

Branches:
Dungeon (1/1)

Altars:
Cheibriados
Dithmenos
Elyvilon
Fedhas
Gozag
Hepliaklqana
Kikubaaqudgha
Makhleb
Nemelex Xobeh
Okawaru
Qazlal
Ru
Sif Muna
Trog
Uskayaw
Vehumet
Wu Jian
Xom
Yredelemnul
Zin
The Shining One
Jiyva
Lugonu

Shops:
D *!!=((!*[[*(**([(*

Annotations:
D Lom Lobon


Innate Abilities, Weirdness & Mutations

You have a pair of horns on your head.
You reflexively headbutt those who attack you in melee.


Message History

Lom Lobon blinks!
There is an open door here.
Nothing quivered!
Unknown command.
You make a move on Xom's chessboard...
Lom Lobon is unaffected.
You feel sick.
Your troll rages. x2
You make a move on Xom's chessboard...
Lom Lobon is unaffected.
You feel sick.
Lom Lobon gestures. x2 5 ball lightnings come into view.
You feel sick.
You are no longer poisoned.
The ball lightning explodes!
The blast of lightning engulfs the ball lightning.
The ball lightning completely resists.
The blast of lightning engulfs the ball lightning.
The ball lightning completely resists.
The blast of lightning engulfs you! You resist.
The blast of lightning engulfs Lom Lobon.
Lom Lobon completely resists.
The ball lightning explodes!
The blast of lightning engulfs the ball lightning.
The ball lightning completely resists.
The blast of lightning engulfs you. You resist.
The blast of lightning engulfs Lom Lobon.
Lom Lobon completely resists.
Lom Lobon gestures.
Lom Lobon blinks!
The ball lightning explodes!
The blast of lightning engulfs your troll!!
The blast of lightning engulfs you!! You resist.
* * * LOW HITPOINT WARNING * * *
The blast of lightning engulfs the ball lightning.
The ball lightning completely resists.
The ball lightning moves out of view.
The ball lightning explodes!
The blast of lightning engulfs you! You resist.
* * * LOW HITPOINT WARNING * * *
Lom Lobon gestures at you.
Lom Lobon conjures a mighty blast of ice!
The great icy blast engulfs you!!!
You die...

^.#~~~~~########°○○
####~~~~#~~~~~#.○°○ °
#..#'†~~'~~.~○○.○○○ °.
#...##~~#~~§§~#○~~. # °§.
#....######§##### ~~# .§°§
#....#~§§§§§&§≈≈##°○#
.§°§^#######§§§§§≈≈≈≈≈≈≈~#
.○.§§&)§#.T'§§§§§~~~~~#≈≈#
#[.'[.#@§§§§...~~~#
###################


You could see Lom Lobon (gusty, ally target) and a friendly troll (summoned,
berserk, very poisoned).

Vanquished Creatures
  the Lernaean hydra (D)
  A golden dragon (D)
  A deep elf master archer (D)
  A shadow dragon (D)
  A deep elf annihilator (D)
  A lorocyproca (D)
  A mummy priest (D)
  A hydra (D)
  2 centaur warriors (D)
  Sonja (D)
  A deep troll (D)
  A lindwurm (D)
  2 oklob plants (D)
  2 merfolk sirens (D)
  A gargoyle (D)
  2 kobold demonologists (D)
  5 hornets (D)
  A hellwing (D)
  A slime creature (D)
  Sigmund (D)
  9 hogs (D)
  A yak (D)
  2 redbacks (D)
  3 floating eyes (D)
  An ogre (D)
  4 necrophages (D)
  2 jellies (D)
  Ijyb (D)
51 creatures vanquished.

Vanquished Creatures (collateral kills)
  4 demonic crawlers (D)
  A gargoyle (D)
  2 unseen horrors (D)
  4 hogs (D)
  3 necrophages (D)
  6 jellies (D)
20 creatures vanquished.

Vanquished Creatures (others)
  4 ball lightnings (D)
  2 ballistomycete spores (D)
6 creatures vanquished.

Grand Total: 77 creatures vanquished

Notes
Turn   | Place    | Note
-------+----------+-------------------------------------------
     0 | D        | bmack86 the Minotaur Berserker began the quest for the Orb.
     0 | D        | Reached XP level 1. HP: 19/19 MP: 0/0
     3 | D        | Noticed Ijyb
    11 | D        | Killed Ijyb
    12 | D        | Reached skill level 5 in Fighting
    12 | D        | Reached skill level 5 in Axes
    12 | D        | Reached XP level 2. HP: 21/29 MP: 1/1
    60 | D        | Noticed an ogre
    66 | D        | Killed an ogre
    67 | D        | Reached XP level 3. HP: 13/38 MP: 2/2
    67 | D        | Reached XP level 4. HP: 16/45 MP: 3/3
   187 | D        | Noticed Sigmund
   192 | D        | Killed Sigmund
   192 | D        | Reached ** piety under Trog
   193 | D        | Reached XP level 5. HP: 56/56 MP: 4/4
   193 | D        | Reached XP level 6. HP: 62/62 MP: 5/5
   233 | D        | Found a burning altar of Makhleb.
   233 | D        | Found a viscous altar of Jiyva.
   233 | D        | Found a shimmering altar of Xom.
   233 | D        | Found a corrupted altar of Lugonu.
   233 | D        | Noticed a slime creature
   238 | D        | Killed a slime creature
   239 | D        | Reached skill level 5 in Evocations
   279 | D        | Found an ornate altar of the Wu Jian Council.
   279 | D        | Found a shimmering blue altar of Sif Muna.
   281 | D        | Found a radiant altar of Vehumet.
   362 | D        | Found Yphucoon's Distillery.
   362 | D        | Found an ancient bone altar of Kikubaaqudgha.
   362 | D        | Found a hazy altar of Hepliaklqana.
   362 | D        | Found a stormy altar of Qazlal.
   362 | D        | Found a hide-covered altar of Uskayaw.
   362 | D        | Found a blossoming altar of Fedhas.
   362 | D        | Found a bloodstained altar of Trog.
   362 | D        | Found an iron altar of Okawaru.
   362 | D        | Found a basalt altar of Yredelemnul.
   362 | D        | Found a glowing golden altar of the Shining One.
   362 | D        | Found a snail-covered altar of Cheibriados.
   362 | D        | Found a sacrificial altar of Ru.
   362 | D        | Found a glowing silver altar of Zin.
   362 | D        | Found a shadowy altar of Dithmenos.
   362 | D        | Found a white marble altar of Elyvilon.
   362 | D        | Noticed a yak
   369 | D        | Killed a yak
   370 | D        | Reached skill level 10 in Fighting
   370 | D        | Reached skill level 10 in Axes
   370 | D        | Reached XP level 7. HP: 72/72 MP: 6/6
   370 | D        | Found an opulent altar of Gozag.
   371 | D        | Found a sparkling altar of Nemelex Xobeh.
   415 | D        | Noticed a kobold demonologist
   415 | D        | Noticed a kobold demonologist
   418 | D        | Reached skill level 10 in Armour
   421 | D        | Noticed a red devil
   423 | D        | Killed a kobold demonologist
   423 | D        | Reached *** piety under Trog
   426 | D        | Killed a kobold demonologist
   427 | D        | Reached XP level 8. HP: 82/82 MP: 7/7
   608 | D        | Noticed Sonja
   610 | D        | Killed Sonja
   610 | D        | Reached **** piety under Trog
   727 | D        | Found Zaez's General Store.
   747 | D        | Noticed a deep troll
   757 | D        | Killed a deep troll
   758 | D        | Reached XP level 9. HP: 88/93 MP: 8/8
   767 | D        | Found Igye's Armour Emporium.
   771 | D        | Bought the +1 cloak of Unambiguity {Will+} for 265 gold
                  | pieces
   771 | D        | Bought a +0 pair of gloves for 54 gold pieces
   834 | D        | Noticed a centaur warrior
   835 | D        | Noticed a centaur warrior
   845 | D        | Killed a centaur warrior
   847 | D        | Killed a centaur warrior
   848 | D        | Reached skill level 15 in Axes
   936 | D        | Noticed an oklob plant
   940 | D        | Killed an oklob plant
   940 | D        | Reached ***** piety under Trog
   941 | D        | Reached skill level 15 in Fighting
   941 | D        | Reached skill level 15 in Armour
   941 | D        | Reached XP level 10. HP: 105/105 MP: 9/9
  1115 | D        | Received a gift from Trog
  1126 | D        | Identified the +2 helmet "Qinnukh" {Harm Will++ Int-5}
  1258 | D        | Found Kekiceb's Jewellery Shoppe.
  1258 | D        | Found Keuguipt's Distillery.
  1258 | D        | Found Qasoopn's Antique Weapon Boutique.
  1260 | D        | Found Ceomung's Antique Weapon Emporium.
  1260 | D        | Found Emofo's Distillery.
  1260 | D        | Found Vonn's General Store.
  1260 | D        | Found Oshem's Armour Boutique.
  1260 | D        | Found Jixuom's Armour Emporium.
  1260 | D        | Found Ajuol's Assorted Antiques.
  1260 | D        | Found Xogav's Antique Weapon Shoppe.
  1264 | D        | Found Keidovipi's General Store.
  1265 | D        | Bought a faintly glowing war axe for 212 gold pieces
  1265 | D        | Identified the +8 war axe "Exyd" {antimagic, *Rage rC+
                  | Dex+2 Stlth+} (You bought it in a shop in the Dungeon)
  1265 | D        | Found Siore's Antique Weapon Emporium.
  1265 | D        | Found Moaquav's Assorted Antiques.
  1266 | D        | Found Mylecsia's Weapon Emporium.
  1267 | D        | Bought a scroll of brand weapon for 95 gold pieces
  1267 | D        | Bought a scroll of enchant weapon for 75 gold pieces
  1267 | D        | Bought a potion of heal wounds for 50 gold pieces
  1272 | D        | Bought a scroll of identify for 26 gold pieces
  1274 | D        | Bought a tubular bronze ring for 105 gold pieces
  1274 | D        | Bought a white potion for 18 gold pieces
  1274 | D        | Bought a brown potion for 18 gold pieces
  1280 | D        | Bought a scroll labelled RIWEFE ASCHERA for 26 gold pieces
  1280 | D        | Bought a lumpy sapphire amulet for 130 gold pieces
  1280 | D        | Bought a scroll labelled PAJEISK KIBLOBB for 26 gold pieces
  1280 | D        | Bought a smoky purple potion for 23 gold pieces
  1280 | D        | Bought a black potion for 23 gold pieces
  1280 | D        | Bought a large garnet amulet for 130 gold pieces
  1287 | D        | Bought the +2 pair of gloves of the Grinning Gods {*Slow
                  | Fly Regen+ Str-5 Dex+8} for 267 gold pieces
  1300 | D        | Bought a potion of cancellation for 104 gold pieces
  1303 | D        | Bought the ring "Tiesticw" {Will+ SInv} for 303 gold pieces
  1419 | D        | Noticed a demonic crawler
  1419 | D        | Noticed a demonic crawler
  1419 | D        | Noticed a demonic crawler
  1419 | D        | Noticed a demonic crawler
  1420 | D        | Killed a demonic crawler
  1421 | D        | Killed a demonic crawler
  1423 | D        | Killed a demonic crawler
  1426 | D        | Killed a demonic crawler
  1450 | D        | Noticed a lindwurm
  1466 | D        | Killed a lindwurm
  1520 | D        | Reached XP level 11. HP: 117/117 MP: 10/10
  1545 | D        | Identified the +10 battleaxe "Illeuxyh" {flame, Drain
                  | rC+++} (Trog gifted it to you in the Dungeon)
  1545 | D        | Received a gift from Trog
  1601 | D        | Noticed a 12-headed hydra
  1602 | D        | Paralysed by a floating eye for 3 turns
  1606 | D        | Killed a ten-headed hydra
  1782 | D        | Bought a potion of heal wounds for 65 gold pieces
  1782 | D        | Bought a potion of might for 52 gold pieces
  1782 | D        | Bought a potion of haste for 130 gold pieces
  1803 | D        | Bought a scroll of immolation for 40 gold pieces
  1857 | D        | Bought a scroll of identify for 42 gold pieces
  1860 | D        | Bought a scroll of fear for 52 gold pieces
  1862 | D        | Bought a scroll of identify for 52 gold pieces
  1862 | D        | Bought a scroll of identify for 52 gold pieces
  1862 | D        | Bought a scroll of identify for 52 gold pieces
  1869 | D        | Bought a potion of curing for 39 gold pieces
  1869 | D        | Bought a potion of curing for 39 gold pieces
  1869 | D        | Bought a potion of heal wounds for 65 gold pieces
  1873 | D        | Bought a potion of degeneration for 12 gold pieces
  1873 | D        | Bought a potion of might for 48 gold pieces
  1938 | D        | Reached skill level 1 in Throwing
  1972 | D        | Noticed a lorocyproca
  1998 | D        | Killed a lorocyproca
  2067 | D        | Noticed a daeva
  2097 | D        | Noticed a shadow dragon
  2097 | D        | Noticed a golden dragon
  2109 | D        | Killed a golden dragon
  2112 | D        | Killed a shadow dragon
  2113 | D        | Reached skill level 5 in Throwing
  2186 | D        | Found Cuuluosa's Assorted Antiques.
  2204 | D        | Bought a pair of glowing gloves for 165 gold pieces
  2204 | D        | Bought a scroll of identify for 44 gold pieces
  2204 | D        | Bought a runed gold wand for 88 gold pieces
  2437 | D        | Noticed a deep elf annihilator
  2438 | D        | Found the +11 plutonium sword {Contam Stlth-}
  2442 | D        | Killed a deep elf annihilator
  2447 | D        | Received a gift from Trog
  2448 | D        | Noticed a mummy priest
  2455 | D        | Reached XP level 12. HP: 109/133 MP: 3/11
  2456 | D        | Noticed a jiangshi
  2467 | D        | Killed a mummy priest
  2516 | D        | Noticed the 27-headed Lernaean hydra
  2521 | D        | Killed the 24-headed Lernaean hydra
  2681 | D        | Noticed a deep elf master archer
  2686 | D        | Found the +10 morningstar "Eos" {elec, Halo rElec}
  2692 | D        | Killed a deep elf master archer
  2721 | D        | Identified the +10 great mace of the Illusory Eyes {elec,
                  | rElec rN+ Will+ Dex+3}
  2724 | D        | Identified the +1 ring mail of the Will of the Gods {MP-9
                  | Int+4 Stlth+}
  2737 | D        | Noticed Lom Lobon
  2741 | D        | Identified the ring of the Firefly {rCorr MP+9 Str-3 Dex+3
                  | Slay-3}
  2753 | D        | Killed from afar by Lom Lobon

Illustrated notes

Levels and vault maps discovered:
D:        dungeon_sprint_1 [red_sonja_temple_1, red_sonja_temple_small_1]

Skill      XL: |  1  2  3  4  5  6  7  8  9 10 11 12 |
---------------+-------------------------------------+-----
Fighting       | 5 6 8 10 11 13 15 17 20 | 20.9
Axes           | 5 6 8 10 11 13 15 17 19 20 | 20.3
Armour         | 4 6 8 9 11 13 15 17 20 | 20.9
Evocations     | 2 4 6 7 8 |  8.0
Throwing       | 6 8 |  8.8
Dodging        | |  2.1

Action                     |  1- 3 |  4- 6 |  7- 9 | 10-12 || total
---------------------------+-------+-------+-------+-------++-------
  Melee: Hand axe          |    12 |    15 |    31 |    22 ||    80
         Headbutt          |     1 |     2 |    10 |    22 ||    35
         Broad axe         |       |       |       |    26 ||    26
         Battleaxe         |       |       |       |    29 ||    29
         War axe           |       |       |       |    22 ||    22
         Punch             |       |       |       |     1 ||     1
  Throw: Dart              |       |       |       |     3 ||     3
 Invoke: Berserk           |     2 |     3 |     5 |     7 ||    17
         Brothers in Arms  |       |       |       |    11 ||    11
  Evoke: Wand              |       |       |     4 |     3 ||     7
         Piece from Xom's  |       |       |       |     2 ||     2
    Use: Scroll            |       |       |     2 |    11 ||    13
         Potion            |       |       |       |     1 ||     1
 Armour: Ring mail         |       |     1 |     9 |    13 ||    23
         Plate armour      |       |       |       |   115 ||   115
  Dodge: Dodged            |     4 |     4 |     8 |    76 ||    92

Table legend: (Time is in decaauts)
 A = Elapsed time spent in this place.
 B = Non-inter-level travel time spent in this place.
 C = Inter-level travel time spent in this place.
 D = Time resting spent in this place.
 E = Time spent auto-exploring this place.
 F = Levels seen in this place.
 G = Mean time per level.
                   A        B        C        D        E       F      G
               +--------+--------+--------+--------+--------+-----+--------+
         Total |   2895 |   2863 |     32 |   1291 |     49 |   1 | 2895.0 |
       Dungeon |   2895 |   2863 |     32 |   1291 |     49 |   1 | 2895.0 |
               +--------+--------+--------+--------+--------+-----+--------+

Top non-repeatable levels by time:
       D: 2895 daAuts
